 Dungeon Crawl Stone Soup version 0.23.1 (webtiles) character file.

Game seed: 7501010647436673379

9 FunkyPutin the Shield-Bearer (level 2, 0/19 HPs)
             Began as a Gargoyle Fighter on Mar 5, 2019.
             Slain by a hobgoblin
             ... wielding a +0 club
              (1 damage)
             ... on level 1 of the Dungeon.
             The game lasted 00:01:49 (435 turns).

FunkyPutin the Shield-Bearer (Gargoyle Fighter)      Turns: 435, Time: 00:01:50

Health: 0/19       AC:  9    Str: 19    XL:     2   Next: 12%
Magic:  2/2        EV:  7    Int:  8    God:
Gold:   33         SH:  9    Dex:  9    Spells: 1/1 levels left

rFire    . . .     SeeInvis .   a - +0 flail
rCold    . . .     Gourm    .   c - +0 shield
rNeg     + . .     Faith    .   b - +0 scale mail
rPois    ∞         Spirit   .   (no helmet)
rElec    +         Reflect  .   (no cloak)
rCorr    .         Harm     .   (no gloves)
MR       .....                  (no boots)
Stlth    ..........             g - amulet of inaccuracy (curse)
HPRegen  0.06/turn              (no ring)
MPRegen  0.08/turn              (no ring)

@: no status effects
A: negative energy resistance 1, electricity resistance, unbreathing,
petrification resistance, rot immunity, AC +2
a: no special abilities


You were on level 1 of the Dungeon.
You were not hungry.

You visited 1 branch of the dungeon, and saw 1 of its levels.

You collected 33 gold pieces.

Inventory:

Hand Weapons
 a - a +0 flail (weapon)
Armour
 b - a +0 scale mail (worn)
 c - a +0 shield (worn)
Jewellery
 g - a cursed amulet of inaccuracy (around neck)
Potions
 d - a potion of might
 e - a potion of mutation {unknown}
Comestibles
 f - a ration


   Skills:
 + Level 3.4 Fighting
 * Level 2.1 Maces & Flails
 + Level 3.4 Armour
 + Level 3.5 Shields


You had one spell level left.
You didn't know any spells.
Your spell library was empty.

Dungeon Overview and Level Annotations

Branches:
Dungeon (1/15)

Altars:


Innate Abilities, Weirdness & Mutations

You are resistant to torment.
Your stone body is resilient. (AC +2)
You are immune to poison.
You resist negative energy. (rN+)
You are resistant to electric shocks. (rElec)
You can survive without breathing.
You are immune to petrification.
You are immune to rotting.


Message History

The goblin is severely wounded.
You block the rat's attack. You block the kobold's attack.
The hobgoblin hits you but does no damage.
The goblin hits you but does no damage. The rat bites you.
* * * LOW HITPOINT WARNING * * *
The kobold hits you but does no damage.
Your shield and scale mail prevent you from hitting the goblin.
The goblin is severely wounded.
The goblin hits you but does no damage. You block the hobgoblin's attack.
The rat bites you but does no damage. The kobold hits you but does no damage.
You miss the goblin.
The goblin is severely wounded.
The goblin barely misses you. You block the hobgoblin's attack.
The rat barely misses you. You block the kobold's attack.
The goblin hits you but does no damage. You block the hobgoblin's attack.
You barely miss the goblin.
The goblin is severely wounded.
The rat bites you but does no damage. The kobold hits you but does no damage.
The goblin hits you but does no damage. The hobgoblin hits you with a +0 club.
You die...

*,,,,,,,,,,,,,,***,***,,,,,
*,,............#**,,,,,,,,*
*,,............#,,,,,,,,,,*
*,,............#,#*****,*,*
*,,............#.#,,,,,,,,,
*,,...............,,,,,,*,*
*,,............#,*,******,*
*,,......Kgr...#,*,* *,*
*********#@#**,#,*,* *,* #g#
*.#,#,* *,*
#####g###.#.#,******,*
#........>...,,,,,,,,,
#........##.#,******,*
#............,* *,,
#........####** ***
#........#***********#
*****#######.#+##*,,,,,,,,,,.


You could see a hobgoblin, 2 goblins, a kobold and a rat.

Vanquished Creatures
  A leopard gecko (D:1)
  2 bats (D:1)
  A giant cockroach (D:1)
  A hobgoblin (D:1)
  A frilled lizard (D:1)
  A kobold (D:1)
  A rat (D:1)
8 creatures vanquished.

Notes
Turn   | Place    | Note
-------+----------+-------------------------------------------
     0 | D:1      | FunkyPutin the Gargoyle Fighter began the quest for the
                  | Orb.
     0 | D:1      | Reached XP level 1. HP: 14/14 MP: 1/1
   387 | D:1      | Reached XP level 2. HP: 19/19 MP: 2/2
   435 | D:1      | Slain by a hobgoblin

Action                   || total
-------------------------++-------
Melee: Flail             ||   141
  Use: Scroll            ||     1
Armor: Scale mail        ||   114
Dodge: Dodged            ||    64
Block: Shield            ||   101
